 Dungeon Crawl Stone Soup version 0.29.1-1-gd02db6906a (webtiles) character file.

Game seed: 14208685283366160190

45315 Godmorgon the Cleaver (level 14, -9/132 HPs)
             Began as a Minotaur Fighter on Sept 22, 2022.
             Was a High Priest of Okawaru.
             Mangled by a bog body (14 damage)
             ... on level 2 of the Lair of Beasts.
             The game lasted 01:19:58 (14951 turns).

Godmorgon the Cleaver (Minotaur Fighter)           Turns: 14951, Time: 01:19:59

Health: -9/132     AC: 15    Str: 22    XL:     14   Next: 0%
Magic:  18/20      EV: 15    Int:  5    God:    Okawaru [*****.]
Gold:   998        SH:  6    Dex: 14    Spells: 13/13 levels left

rFire   . . .      SeeInvis .   b - +4 broad axe (flame)
rCold   . . .      Faith    .   c - +0 buckler
rNeg    . . .      Spirit   .   A - +5 ring mail "Hubic" {Rampage rCorr Str-4 Dex+4}
rPois   .          Reflect  .   (helmet restricted)
rElec   .          Harm     .   f - scarf {repulsion}
rCorr   +          Rampage  +   (no gloves)
Will    +++..                   j - +0 pair of boots
Stlth   ++........              P - amulet of regeneration
HPRegen 1.12/turn               h - ring of willpower
MPRegen 0.17/turn               I - ring of willpower

@: heroic, repel missiles
A: horns 2, retaliatory headbutt
a: Renounce Religion, Heroism, Finesse, Duel


You were on level 2 of the Lair of Beasts.
You worshipped Okawaru.
Okawaru was extremely pleased with you.
You visited 3 branches of the dungeon, and saw 14 of its levels.
You visited the Abyss 1 time.
You also visited: Ossuary, Bailey and Gauntlet.

You collected 998 gold pieces.

Inventory:

Hand Weapons
 a - a +5 demon whip of venom
 b - a +4 broad axe of flaming (weapon)
Missiles
 d - 29 boomerangs
 e - 4 curare-tipped darts (quivered)
 g - 11 silver javelins
 k - 2 throwing nets
 m - 12 javelins
 p - 25 poisoned darts
 L - 2 atropa-tipped darts
Armour
 c - a +0 buckler (worn)
 f - a scarf of repulsion (worn)
 j - a +0 pair of boots (worn)
 o - a +0 cloak
 A - the +5 ring mail "Hubic" (worn) {Rampage rCorr Str-4 Dex+4}
   (You took it off an orc on level 5 of the Dungeon)

   Str:       It affects your strength (-4).
   Dex:       It affects your dexterity (+4).
   rCorr:     It protects you from acid and corrosion.
   Rampage:   It bestows one free step when moving towards enemies.
Magical Staves
 C - a staff of poison
Jewellery
 h - a ring of willpower (left hand)
 i - the amulet "Xopsal" {Acrobat +Inv rCorr Dex+2 Slay-3}
   (You found it in a Gauntlet)

   [amulet of the acrobat]

   It increases your evasion while moving and waiting.
   Dex:       It affects your dexterity (+2).
   Slay:      It affects your accuracy & damage with ranged weapons and melee
   (-3).
   +Inv:      It lets you turn invisible.
   rCorr:     It protects you from acid and corrosion.
 l - the ring of Fasexelo {rN++ rCorr Str-2}
   (You found it in a Gauntlet)

   [ring of resist corrosion]

   Str:       It affects your strength (-2).
   rN:        It greatly protects you from negative energy.
   rCorr:     It protects you from acid and corrosion.
 v - a ring of flight
 y - a ring of see invisible
 G - a ring of ice
 I - a ring of willpower (right hand)
 P - an amulet of regeneration (around neck)
Wands
 t - a wand of digging (7)
Scrolls
 n - 11 scrolls of teleportation
 q - a scroll of enchant armour
 r - a scroll of silence
 u - a scroll of identify
 H - 2 scrolls of fog
 K - 5 scrolls of fear
Potions
 s - a potion of haste
 w - a potion of resistance
 x - 3 potions of might
 D - 3 potions of curing
 F - 2 potions of magic
 M - a potion of cancellation
 Q - 3 potions of ambrosia {unknown}
Miscellaneous
 E - a phial of floods


   Skills:
 + Level 14.0(19.0) Fighting
 + Level 14.4(21.2) Axes
 - Level 12.4(20.3) Maces & Flails
 - Level 6.0(11.0) Throwing
 - Level 10.0(15.0) Armour
 - Level 5.0(10.0) Dodging
 - Level 5.0(10.0) Shields
 - Level 10.0 Invocations


You had 13 spell levels left.
You didn't know any spells.
Your spell library was empty.

Dungeon Overview and Level Annotations

Branches:
Dungeon (11/15)            Temple (1/1) D:4            Lair (2/5) D:11
    Orc (0/2) D:11        Ossuary (visited)          Bailey (visited)
Gauntlet (visited)
  Swamp: Lair:2-3    Shoals: Lair:2-3     Snake: Lair:2-3    Spider: Lair:2-3

Altars:
Ashenzari
Cheibriados
Dithmenos
Elyvilon
Fedhas
Gozag
Hepliaklqana
Kikubaaqudgha
Makhleb
Nemelex Xobeh
Okawaru
Qazlal
Ru
Sif Muna
Trog
Uskayaw
Vehumet
Wu Jian
Xom
Yredelemnul
Zin
The Shining One

Annotations:
Lair:2 3 runed translucent doors, LustLizard's ghost, journeyman TrFi


Innate Abilities, Weirdness & Mutations

You have a pair of horns on your head.
You reflexively headbutt those who attack you in melee.


Message History

There is an open door here.
There is an open door here.
You open the door.
There is an open door here.
There is an open door here.
You see here a +0 ring mail.
A bog body comes into view.
A bog body comes into view.
The bog body gestures at you while chanting.
The bolt of cold hits you!!
You rampage towards the bog body!
The bog body touches you. The bog body freezes you!!
You barely miss the bog body. x2
You hit the bog body. You burn the bog body. Your headbutt misses the bog body.
The bog body is lightly damaged.
You barely miss the bog body. The bog body barely misses you.
You furiously retaliate!
You headbutt the bog body. You block the bog body's attack.
You slice the bog body!! You burn the bog body.
The bog body is almost destroyed.
You hit the bog body.
The bog body touches you but does no damage. x2
You barely miss the bog body.
The bog body is almost destroyed.
You slash the bog body! You burn the bog body.
The bog body touches you but does no damage.
The bog body touches you! The bog body freezes you!!
You gain the combat prowess of a mighty hero.
The bog body gestures at you while chanting.
The bolt of cold hits you!!
* * * LOW HITPOINT WARNING * * *
The bog body touches you!
* * * LOW HITPOINT WARNING * * *
The bog body freezes you!
* * * LOW HITPOINT WARNING * * *
You slash the bog body! You burn the bog body.
You destroy the bog body!
Okawaru accepts your kill.
You slash the bog body! You burn the bog body. The bog body touches you!
You die...

#..## #..⌠⌠..##
...# ###.♣..♣.P#
#.## ##...♣..♣..#
#.## #...♣♣..♣♣.#
P..## ###.♣~..~♣.#
#...# ##.♣~).~♣.#
#..## #..♣~..~♣.#
..## ##.♣~..~♣.#
#.# ### #♣♣♣.@~♣♣#
..#####.# ♣≈n†♣♣
.......##### ♣~♣.≈
.......# #.♣♣♣~..≈♣
.......###..♣♣~.♣≈♣
.......##...♣♣~. ~♣
.......#..##♣ ♣§ §♣
.......P.## ♣§ ~♣
.......P.P#


You could see a bog body.

Vanquished Creatures
  A lich (Abyss:2)
  Gastronok (Lair:1)
  An orc warlord (Bailey)
  A ghost moth (Abyss:2)
  A very ugly thing (Abyss:2)
  A starflower (Abyss:2)
  An entropy weaver (Gauntlet)
  A minotaur (Gauntlet)
  Josephine (D:11)
  Harold (D:11)
  2 hydras
  Erolcha (D:11)
  A rakshasa (Abyss:2)
  Fannar (D:10)
  A spriggan skeleton (Abyss:2)
  3 two-headed ogres
  A boulder beetle (D:11)
  The ghost of turdburglar the Carver, a novice MiFi of Makhleb (D:10)
  The ghost of GigaChad the Nimble, a novice MiFi of Trog (D:9)
  Sonja (D:11)
  4 skeletal warriors (D:10)
  Amaemon (D:8)
  A bog body (Lair:2)
  An orange crystal statue (Gauntlet)
  A cyclops (D:11)
  A manticore (D:11)
  Joseph (D:7)
  A smoke demon (Abyss:2)
  An orange demon (D:8)
  Maggie (D:10)
  A cane toad (Lair:2)
  A komodo dragon (Lair:1)
  A troll (D:11)
  A polar bear (Lair:2)
  2 hornets
  5 blink frogs (Lair:1)
  A raiju (Abyss:2)
  Sigmund (D:4)
  A jumping spider (Gauntlet)
  3 spriggans (D:10)
  5 small abominations (Abyss:2)
  6 wraiths (D:11)
  4 wyverns
  5 shadows
  19 yaks
  3 vampire mosquitoes (D:11)
  A steam dragon (D:9)
  Menkaure (D:7)
  A redback (Gauntlet)
  Edmund (D:5)
  A swamp worm (Lair:2)
  A harpy simulacrum (Abyss:2)
  2 large abominations (Abyss:2)
  2 acid dragons (D:8)
  10 water moccasins
  3 hell hounds (Abyss:2)
  6 orc warriors
  2 ice beasts
  2 sky beasts (D:7)
  An ogre (D:4)
  3 black bears
  5 centaurs
  7 wolves
  A phantom (D:5)
  3 kobold brigands
  8 bullfrogs
  5 necrophages
  2 gnoll sergeants (D:7)
  2 scorpions
  3 wights (D:8)
  8 howler monkeys
  6 hounds
  5 orc priests
  3 iron imps
  2 iguanas
  3 orc wizards
  14 mummies
  17 gnolls
  10 adders
  A shadow imp (D:7)
  2 worms
  A dart slug (D:1)
  30 orcs
  4 endoplasms
  A giant cockroach (D:4)
  3 goblins
  9 hobgoblins
  5 quokkas
  7 ball pythons
  5 bats
  A frilled lizard (D:3)
  A gnoll skeleton (Ossuary)
  4 goblin skeletons (Ossuary)
  A goblin zombie (D:6)
  36 kobolds
  3 orc skeletons (Ossuary)
  An orc zombie (D:6)
  11 rat skeletons (Ossuary)
362 creatures vanquished.

Vanquished Creatures (others)
  26 fungi
  32 plants
58 creatures vanquished.

Grand Total: 420 creatures vanquished

Notes
Turn   | Place    | Note
-------+----------+-------------------------------------------
     0 | D:1      | Godmorgon the Minotaur Fighter began the quest for the Orb.
     0 | D:1      | Reached XP level 1. HP: 19/19 MP: 0/0
   354 | D:1      | Reached XP level 2. HP: 27/27 MP: 1/1
   549 | D:1      | Found a faded altar of an unknown god.
   549 | D:1      | Noticed a sun demon
  1448 | D:2      | Reached skill level 1 in Throwing
  1465 | D:2      | Reached XP level 3. HP: 30/33 MP: 2/2
  1510 | D:2      | Noticed a scorpion
  1516 | D:2      | Killed a scorpion
  1517 | D:2      | Reached XP level 4. HP: 41/41 MP: 3/3
  1908 | D:3      | Found a radiant altar of Vehumet.
  1950 | D:3      | Noticed a centaur
  2324 | D:4      | Noticed an ogre
  2718 | D:4      | Found a staircase to the Ecumenical Temple.
  2726 | Temple   | Entered the Ecumenical Temple
  2731 | Temple   | Became a worshipper of Warmaster Okawaru
  2851 | D:4      | Reached XP level 5. HP: 46/47 MP: 4/4
  2913 | D:4      | HP: 2/47 [ogre/+0 giant club (10)]
  2914 | D:4      | Killed an ogre
  2915 | D:4      | Reached skill level 5 in Fighting
  2915 | D:4      | Reached skill level 5 in Maces & Flails
  3256 | D:4      | Reached XP level 6. HP: 44/56 MP: 5/5
  3486 | D:4      | Noticed Sigmund
  3493 | D:4      | Killed Sigmund
  3493 | D:4      | Reached * piety under Okawaru
  3724 | D:4      | Reached skill level 1 in Invocations
  3830 | D:3      | Reached XP level 7. HP: 61/61 MP: 6/6
  4321 | D:5      | Entered Level 5 of the Dungeon
  4491 | D:5      | Noticed Edmund
  4506 | D:5      | Killed Edmund
  4513 | D:5      | Reached ** piety under Okawaru
  4737 | D:5      | Found a snail-covered altar of Cheibriados.
  4737 | D:5      | Found a shimmering altar of Xom.
  4739 | D:5      | Found a sacrificial altar of Ru.
  4739 | D:5      | Found an opulent altar of Gozag.
  4751 | D:5      | Identified the +5 ring mail "Hubic" {Rampage rCorr Str-4
                  | Dex+4}
  4768 | D:5      | Reached XP level 8. HP: 64/70 MP: 9/9
  5154 | D:6      | Found a hazy altar of Hepliaklqana.
  5423 | D:6      | Found a sand-covered staircase.
  5431 | Ossuary  | Entered an ossuary
  6414 | D:6      | Reached skill level 5 in Invocations
  6728 | D:7      | Reached XP level 9. HP: 74/79 MP: 11/11
  6760 | D:7      | Reached *** piety under Okawaru
  6761 | D:7      | Reached skill level 5 in Throwing
  7130 | D:7      | Found a broken altar of Ashenzari.
  7323 | D:7      | Noticed Joseph
  7337 | D:7      | Killed Joseph
  7337 | D:7      | Received a gift from Okawaru
  7346 | D:7      | Noticed Menkaure
  7354 | D:7      | Killed Menkaure
  7355 | D:7      | Reached skill level 10 in Maces & Flails
  7776 | D:8      | Found a flagged portal.
  7796 | Bailey   | Entered a bailey
  7801 | Bailey   | Noticed an orc warlord
  7895 | Bailey   | Found a runed translucent gate.
  7897 | Bailey   | Found a runed translucent gate.
  7899 | Bailey   | Found a runed translucent gate.
  8367 | Bailey   | Killed an orc warlord
  8367 | Bailey   | Reached **** piety under Okawaru
  8368 | Bailey   | Reached XP level 10. HP: 64/90 MP: 12/14
  8384 | Bailey   | Identified the +0 ring mail of Maisirog {Will++}
  8687 | D:8      | Noticed Amaemon
  8687 | D:8      | Noticed an orange demon
  8696 | D:8      | Killed Amaemon
  8698 | D:8      | Killed an orange demon
  8979 | D:8      | Identified the +10 trident of Guile {vorpal, MP+9 Int+4}
  9526 | D:9      | Received a gift from Okawaru
  9932 | D:9      | Reached skill level 10 in Axes
  9932 | D:9      | Reached XP level 11. HP: 97/97 MP: 16/16
  9957 | D:9      | Found a large runed translucent door.
  9957 | D:9      | Found a large runed translucent door.
  9959 | D:9      | Noticed GigaChad's ghost (novice MiFi)
 10195 | D:9      | Killed GigaChad's ghost
 10299 | D:10     | Entered Level 10 of the Dungeon
 10310 | D:10     | Reached skill level 1 in Dodging
 10315 | D:10     | Reached XP level 12. HP: 105/105 MP: 16/18
 10334 | D:10     | Noticed Maggie
 10352 | D:10     | Killed Maggie
 10512 | D:10     | Noticed a two-headed ogre
 10524 | D:10     | Killed a two-headed ogre
 10542 | D:10     | Noticed Fannar
 10553 | D:10     | Killed Fannar
 10553 | D:10     | Reached ***** piety under Okawaru
 10743 | D:10     | Found a runed translucent door.
 10744 | D:10     | Noticed turdburglar's ghost (novice MiFi)
 10745 | D:10     | Identified the +2 spear of Equivalence {drain, rElec}
 10819 | D:10     | Reached skill level 10 in Fighting
 10819 | D:10     | Reached skill level 5 in Shields
 10819 | D:10     | Reached skill level 10 in Invocations
 10820 | D:10     | HP: 5/106 [skeletal warrior/+0 halberd (20)]
 10823 | D:10     | Noticed a two-headed ogre
 10834 | D:10     | Killed a two-headed ogre
 10835 | D:10     | Reached skill level 5 in Armour
 11285 | D:10     | Killed turdburglar's ghost
 11285 | D:10     | Received a gift from Okawaru
 11417 | D:11     | Noticed Harold
 11429 | D:11     | Killed Harold
 11557 | D:11     | Reached skill level 5 in Dodging
 11576 | D:11     | Found a staircase to the Lair.
 11587 | D:11     | Noticed Josephine
 11602 | D:11     | Killed Josephine
 11616 | D:11     | Noticed a boulder beetle
 11630 | D:11     | Killed a boulder beetle
 11631 | D:11     | Reached XP level 13. HP: 93/116 MP: 17/19
 11733 | D:11     | Noticed Erolcha
 11740 | Abyss:1  | Found a corrupted altar of Lugonu.
 11740 | Abyss:1  | Cast into level 1 of the Abyss (Erolcha)
 11985 | Abyss:2  | Noticed a starflower
 11999 | Abyss:2  | Killed a starflower
 12014 | Abyss:2  | Found a corrupted altar of Lugonu.
 12102 | Abyss:2  | Noticed an ancient lich
 12128 | Abyss:2  | Noticed a lich
 12143 | Abyss:2  | Killed a lich
 12171 | Abyss:2  | Noticed a ghost moth
 12179 | Abyss:2  | Killed a ghost moth
 12191 | Abyss:2  | Noticed a red very ugly thing
 12201 | Abyss:2  | Killed a red very ugly thing
 12201 | Abyss:2  | Received a gift from Okawaru
 12259 | D:11     | Escaped the Abyss
 12264 | D:11     | Killed Erolcha
 12480 | D:11     | Found a staircase to the Orcish Mines.
 12522 | D:11     | Received a gift from Okawaru
 12595 | D:11     | Noticed Sonja
 12602 | D:11     | Killed Sonja
 13145 | Lair:1   | Entered Level 1 of the Lair of Beasts
 13170 | Lair:1   | Reached skill level 10 in Armour
 13403 | Lair:1   | Noticed Gastronok
 13511 | Lair:1   | Killed Gastronok
 13515 | Lair:1   | You fall into a shaft and drop 1 floor!
 13520 | Lair:2   | Identified the +1 hand crossbow of Wirazeor {flame, rN++
                  | Int-5} (Okawaru gifted it to you on level 2 of the Lair of
                  | Beasts)
 13520 | Lair:2   | Received a gift from Okawaru
 13631 | Lair:2   | Found a runed translucent gate.
 13632 | Lair:2   | Found a runed translucent gate.
 13632 | Lair:2   | Found a runed translucent gate.
 13632 | Lair:2   | Noticed LustLizard's ghost (journeyman TrFi)
 13764 | Lair:2   | Found a gate leading to a gauntlet.
 13771 | Gauntlet | Entered a Gauntlet
 13771 | Gauntlet | Found a transporter.
 13771 | Gauntlet | Found a transporter.
 13776 | Gauntlet | Found a transporter.
 13791 | Gauntlet | Found a transporter.
 13805 | Gauntlet | Found a transporter.
 13818 | Gauntlet | Found a transporter.
 13834 | Gauntlet | Found a transporter.
 13900 | Gauntlet | Found a transporter.
 13915 | Gauntlet | Found a transporter.
 13920 | Gauntlet | Noticed a blizzard demon
 13929 | Gauntlet | Found a transporter.
 13942 | Gauntlet | Found a transporter.
 13959 | Gauntlet | Found a transporter.
 14026 | Gauntlet | Found a transporter.
 14036 | Gauntlet | Found a transporter.
 14038 | Gauntlet | Noticed an entropy weaver
 14070 | Gauntlet | Found a transporter.
 14080 | Gauntlet | Found a transporter.
 14205 | Gauntlet | Killed an entropy weaver
 14211 | Gauntlet | Identified the amulet "Xopsal" {Acrobat +Inv rCorr Dex+2
                  | Slay-3}
 14252 | Gauntlet | Identified the ring of Fasexelo {rN++ rCorr Str-2}
 14266 | Gauntlet | Noticed a minotaur
 14283 | Gauntlet | Killed a minotaur
 14295 | Gauntlet | Identified the +6 war axe of Circularity {protect, Fly rF-
                  | rN+ Dex+3}
 14484 | Lair:2   | Reached XP level 14. HP: 109/132 MP: 20/20
 14950 | Lair:2   | HP: 4/132 [bog body (16)]
 14951 | Lair:2   | Mangled by a bog body

Illustrated notes

Levels and vault maps discovered:
D:1:      roderic_chinese_lattice_arrival, layout_loops_ring,
          dreamdust_ecumenical_altar_sealed_demon
D:2:      layout_basic, minmay_pentomino_v2
D:3:      layout_basic, mainiacjoe_overflow_boulevard
D:4:      layout_basic, minmay_temple_entry_crystal_x, uniq_sigmund
D:5:      layout_basic, mainiacjoe_overflow_alcove_3, uniq_edmund
D:6:      layout_layer_cave, nicolae_hepliaklqana_hazy_memory,
          nicolae_ossuary_entry_giza
D:7:      layout_loops_ring, mainiacjoe_overflow_alcove_1,
          eino_small_chamber_without_monster, sigmund_army, uniq_menkaure,
          uniq_joseph
D:8:      layout_basic, enter_bailey_4, supply_closet_lemuel, uniq_amaemon
D:9:      layout_small_grid, ebering_ghost_disaster_area
D:10:     layout_gridville, ebering_ghost_funeral_grove, uniq_fannar,
          uniq_maggie
D:11:     layout_irregular_city, due_lair_maze_entry_diamond, orc_0_dummy,
          uniq_josephine, uniq_harold, uniq_erolcha, uniq_sonja
Temple:   minmay_freezing_vapour_temple
Lair:1:   layout_cave_shapes, dreamdust_mushroom_princess, uniq_gastronok
Lair:2:   layout_roguey, nicolae_swamp_entry_splash_gauntlet,
          gauntlet_entry_generic, gammafunk_ghost_ooze, roderic_carrion_pond

Skill      XL: |  1  2  3  4  5  6  7  8  9 10 11 12 13 |
---------------+----------------------------------------+-----
Maces & Flails | 3 4 5 6 7 9 11 12 | 12.4
Fighting       | 4 5 6 7 8 9 11 14 | 14.0
Throwing       | 1 2 3 4 6 |  6.0
Invocations    | 1 3 5 7 9 10 | 10.0
Axes           | 10 12 14 | 14.4
Dodging        | 1 5 |  5.0
Shields        | 4 5 |  5.0
Armour         | 4 7 10 | 10.0

Action                   |  1- 3 |  4- 6 |  7- 9 | 10-12 | 13-15 || total
-------------------------+-------+-------+-------+-------+-------++-------
Melee: Flail             |    49 |    69 |   347 |       |       ||   465
       Headbutt          |     4 |    16 |    68 |    60 |    76 ||   224
       Broad axe         |       |       |       |   251 |   243 ||   494
       Demon whip        |       |       |       |       |    28 ||    28
Throw: Stone             |    17 |     6 |       |       |       ||    23
       Boomerang         |       |     5 |    67 |    26 |     3 ||   101
       Dart              |       |       |       |    14 |    27 ||    41
Invok: Heroism           |       |     2 |    11 |    15 |    16 ||    44
       Finesse           |       |       |       |     4 |     6 ||    10
  Use: Potion            |     1 |     3 |     2 |     3 |     3 ||    12
       Scroll            |       |     8 |    14 |     6 |     6 ||    34
 Stab: Invisible         |       |       |       |     3 |       ||     3
Armor: Chain mail        |    21 |    31 |    30 |       |       ||    82
       Ring mail         |       |       |    89 |    92 |    66 ||   247
Dodge: Dodged            |    11 |    25 |   111 |   122 |   134 ||   403
Block: Buckler           |     9 |    11 |    43 |    61 |    55 ||   179
